Map: [ESL] Hecate

Players

Astrea - Winner!

  • Race: Protoss Protoss
  • Spawn Location: 1:00

Firefly

  • Race: Protoss Protoss
  • League: Master
  • Spawn Location: 7:00

Event: IEM Katowice 2024

VOD

Have the link to the VOD?

Description

Time

  • Played on: Feb. 9, 2024, 12:22 p.m.
  • Length: 6:05

All games in this series

Show
View Real Time Build Order
Export as new Build Order

Astrea Protoss - Winner!

Build Orders: Oracle Opening 

Get SALT Encoding   

  12  0:00  Probe  
  13  0:12  Probe  
  14  0:17  Pylon  
  14  0:24  Probe (Chrono Boost)  
  15  0:35  Gateway  
  15  0:36  Probe (Chrono Boost)  
  16  0:44  Probe (Chrono Boost)  
  16  0:45  Assimilator  
  17  0:51  Probe  
  17  0:53  Assimilator  
  18  1:03  Probe (Chrono Boost)  
  19  1:06  Gateway  
  20  1:12  Probe (Chrono Boost)  
  20  1:17  Probe (Chrono Boost)  
  20  1:22  Cybernetics Core  
  21  1:29  Probe  
  22  1:37  Pylon  
  22  1:41  Probe  
  23  1:55  Probe  
  23  1:58  Adept x2  
  23  2:00  Warp Gate  
  28  2:09  Stargate  
  28  2:15  Pylon  
  29  2:32  Stalker  
  29  2:33  Stalker  
  32  2:52  Oracle (Chrono Boost)  
  35  3:14  Nexus  
  35  3:15  Probe  
  34  3:20  Shield Battery  
  34  3:23  Oracle (Chrono Boost)  
  37  3:28  Probe  
  38  3:36  Pylon  
  38  3:40  Probe  
  39  3:52  Probe  
  38  3:56  Oracle (Chrono Boost)  
  41  4:05  Probe  
  42  4:10  Robotics Facility  
  43  4:17  Probe  
  43  4:26  Stalker  
  43  4:29  Probe  
  46  4:32  Stalker  
  46  4:33  Probe  
  49  4:45  Void Ray  
  53  4:50  Shield Battery x2  
  53  4:53  Stalker  
  55  5:00  Stalker  
  47  5:17  Stalker  
  41  5:31  Stalker  
  43  5:40  Stalker  
  41  5:55  Stalker  
Show
View Real Time Build Order
Export as new Build Order

Firefly Protoss 

Build Orders: Phoenix Opening 

Get SALT Encoding   

  12  0:00  Probe  
  13  0:12  Probe  
  14  0:17  Pylon  
  14  0:24  Probe  
  15  0:35  Gateway  
  15  0:36  Probe (Chrono Boost)  
  16  0:46  Assimilator, Probe (Chrono Boost)  
  17  0:51  Probe (Chrono Boost)  
  18  1:03  Probe (Chrono Boost)  
  19  1:04  Assimilator  
  19  1:08  Gateway  
  19  1:13  Probe (Chrono Boost)  
  19  1:18  Probe (Chrono Boost)  
  20  1:24  Cybernetics Core  
  21  1:29  Probe  
  22  1:36  Pylon  
  22  1:41  Probe  
  23  2:00  Stalker x2  
  27  2:06  Pylon  
  27  2:28  Probe  
  28  2:30  Stalker  
  28  2:36  Warp Gate  
  31  2:52  Nexus  
  31  2:56  Shield Battery  
  31  3:00  Pylon  
  31  3:03  Sentry x2  
  33  3:16  Robotics Facility  
  33  3:27  Probe  
  33  3:28  Stalker  
  33  3:30  Sentry  
  38  3:35  Shield Battery  
  38  3:39  Probe, Phoenix  
  38  3:51  Probe  
  39  4:01  Warp Prism (Chrono Boost)  
  39  4:04  Probe  
  39  4:08  Probe  
  33  4:23  Sentry  
  30  4:24  Stalker  
  29  4:53  Stalker  
  29  4:57  Stalker  

Tags
 
Add a new tag
Caveats
  • Supply blocks, unpowered buildings, or Contaminate may cause inaccurate times.
  • Supply counts are checked every 10 seconds.